 Dungeon Crawl Stone Soup version 0.29.1-1-gd02db6906a (webtiles) character file.

Game seed: 1480545331310091158

140 DemonSlayer the Magician (level 5, -17/34 (35) HPs)
             Began as a Demonspawn Fire Elementalist on Sept 28, 2022.
             Killed by an exploding howler monkey (37 damage)
             ... ignited by their inner flame
             ... on level 4 of the Dungeon.
             The game lasted 00:03:50 (2291 turns).

DemonSlayer the Magician (DsFE)                     Turns: 2291, Time: 00:03:51

HP:   -17/34 (35)   AC:  5    Str:  8    XL:     5   Next: 2%
MP:   1/10          EV: 12    Int: 19    God:
Gold: 65            SH:  0    Dex: 13    Spells: 8/11 levels left

rFire   . . .      SeeInvis .   h - +2 dagger (drain)
rCold   . . .      Faith    .   (no shield)
rNeg    . . .      Spirit   .   a - +1 robe
rPois   .          Reflect  .   (no helmet)
rElec   .          Harm     .   (no cloak)
rCorr   .          Rampage  .   (no gloves)
Will    .....                   (no boots)
Stlth   ++........              (no amulet)
HPRegen 0.11/turn               (no ring)
MPRegen 0.12/turn               (no ring)

@: mighty, attractive, lightly drained
A: yellow scales 1, ignite blood 2
a: no special abilities


You were on level 4 of the Dungeon.
You visited 1 branch of the dungeon, and saw 3 of its levels.

You collected 65 gold pieces.

Inventory:

Hand Weapons
 h - a +2 dagger of draining (weapon)
Armour
 a - a +1 robe (worn)
Jewellery
 d - a ring of ice
Potions
 c - 2 potions of attraction


   Skills:
 + Level 0.1 Fighting
 + Level 1.8 Dodging
 + Level 1.9 Stealth
 + Level 0.3 Unarmed Combat
 + Level 3.5 Spellcasting
 + Level 2.4 Conjurations
 + Level 3.4 Fire Magic


You had 8 spell levels left.
You knew the following spells:

 Your Spells              Type           Power      Damage    Failure   Level
a - Foxfire               Conj/Fire      56%        2x1d6     4%          1
b - Scorch                Fire           32%        2d7       5%          2

Your spell library contained the following spells:

 Spells                   Type           Power      Damage    Failure   Level
 Conjure Flame            Conj/Fire      14%        6-21      13%         3
 Beastly Appendage        Tmut           6%         N/A       14%         1
 Wereblood                Tmut           3%         N/A       22%         2
 Inner Flame              Hex/Fire       9%         N/A       22%         3
 Spider Form              Tmut/Pois      3%         N/A       41%         3
 Flame Wave               Conj/Fire      14%        2d6       41%         4
 Alistair's Intoxication  Tmut/Pois      2%         N/A       99%         5
 Borgnjor's Vile Clutch   Necr/Erth      1%         N/A       99%         5
 Eringya's Noxious Bog    Tmut/Pois      1%         N/A       100%        6


Dungeon Overview and Level Annotations

Branches:
Dungeon (2/15)

Altars:
Hepliaklqana

Annotations:
D:4 Sigmund


Innate Abilities, Weirdness & Mutations

You are partially covered in yellow scales. (AC +2)
Your demonic aura often causes spilled blood to erupt in flames.


Message History

The gnoll bouda misses your quokka. The howler monkey barely misses you.
Sigmund the Dreaded comes into view.
He is wielding a +0 scythe.
You hear a shout!
Sigmund is attracted toward you.
You hear a shout!
Your quokka closely misses the howler monkey.
Your quokka looks weaker.
Something hits your quokka!
Your quokka dies!
Your quokka's corpse dissolves into shadows!
You hear a shout!
Sigmund is attracted toward you.
Unknown command.
As you read the scroll labelled KAEFYMNAIXT, it crumbles to dust.
It is a scroll of enchant armour.
Your +0 robe glows green for a moment.
The howler monkey misses you. Sigmund hits you with a +0 scythe.
Your orc hits the howler monkey with a +0 club.
As you read the scroll labelled KOPIVY TOWO, it crumbles to dust.
The creatures around you are filled with an inner flame!
It was a scroll of immolation.
The howler monkey hits you.
Your orc hits the howler monkey with a +0 club.
Flame seeps out of the howler monkey.
You feel mightier all of a sudden.
The howler monkey is engulfed in blazing flames.
Flame seeps out of the howler monkey.
The howler monkey hoots and howls with incredible vigour!
Sigmund barely misses you.
Your orc barely misses the howler monkey.
You hear an angry hiss. x2
You barely miss Sigmund.
The howler monkey is engulfed in blazing flames.
The howler monkey explodes!
The fiery explosion engulfs your orc!
Your orc's corpse dissolves into shadows!
The fiery explosion engulfs Sigmund!
Flame seeps out of Sigmund.
Sigmund is heavily wounded.
The fiery explosion engulfs you!!!
Ouch! That really hurt!
You die...

#..##..........
#..............
...............
.............. ##
#.............
.§.##.............
#.....#...........
#....#§@@........
#.....§°###...:..
#.....§## ....>..
#####......##.......
###...#.#..g§Kgg§.....
###.......#.....h.......
##...........##..........
#............##†.........
..........##.##..........


You could see Sigmund (inner flame).

Vanquished Creatures
  Blork the orc (D:4)
  A howler monkey (D:4)
  A gnoll (D:4)
  2 adders
  A worm (D:4)
  2 dart slugs (D:1)
  5 ball pythons
  2 bats (D:1)
  4 endoplasms
  4 goblins
  4 hobgoblins
  4 kobolds
  2 quokkas
  2 rats (D:1)
  A spectral kobold (D:4)
36 creatures vanquished.

Vanquished Creatures (others)
  171 foxfires
171 creatures vanquished.

Grand Total: 207 creatures vanquished

Notes
Turn   | Place    | Note
-------+----------+-------------------------------------------
     0 | D:1      | DemonSlayer the Demonspawn Fire Elementalist began the
                  | quest for the Orb.
     0 | D:1      | Reached XP level 1. HP: 13/13 MP: 3/3
   452 | D:1      | Gained mutation: Your demonic aura sometimes causes spilled
                  | blood to erupt in flames. [demonic ancestry]
   452 | D:1      | Reached XP level 2. HP: 19/19 MP: 0/5
   455 | D:1      | Learned a level 2 spell: Scorch
  1715 | D:2      | Gained mutation: You are partially covered in yellow
                  | scales. (AC +2) [demonic ancestry]
  1715 | D:2      | Reached XP level 3. HP: 24/24 MP: 4/7
  1927 | D:2      | Found a faded altar of an unknown god.
  1971 | D:2      | You fall into a shaft and drop 2 floors!
  2101 | D:4      | Noticed Blork the orc
  2109 | D:4      | Killed Blork the orc
  2110 | D:4      | Reached XP level 4. HP: 30/30 MP: 7/9
  2235 | D:4      | Found a hazy altar of Hepliaklqana.
  2282 | D:4      | Gained mutation: Your demonic aura often causes spilled
                  | blood to erupt in flames. [demonic ancestry]
  2282 | D:4      | Reached XP level 5. HP: 23/35 MP: 0/10
  2286 | D:4      | Noticed Sigmund
  2291 | D:4      | Killed by an exploding howler monkey... ignited by their
                  | inner flame

Illustrated notes

Levels and vault maps discovered:
D:1:      minmay_arrival_cross, layout_loops_corners, st_stairs_13
D:2:      layout_loops_ring, nicolae_ecumenical_lake_church, serial_glass,
          glass_columns_a, glass_columns_a, st_stairs_9, minmay_pentomino_x2,
          uniq_crazy_yiuf_cottage, uniq_natasha
D:4:      kennysheep_goblin_castle, layout_cave_pools,
          mainiacjoe_overflow_catwalk, nicolae_hepliaklqana_monster_ancestors,
          nemelex_xobeh_ov_fountains_minmay, hangedman_feature_mirror,
          kennysheep_generic_room_11, uniq_sigmund, uniq_edmund,
          uniq_blork_the_orc

Skill      XL: |  1  2  3 |
---------------+----------+-----
Fire Magic     | 3 |  3.4
Spellcasting   | 3 |  3.5
Conjurations   | 2 |  2.4
Fighting       | |  0.1
Dodging        | |  1.8
Stealth        | |  1.9
Unarmed Combat | |  0.3

Action                   |  1- 3 |  4- 6 || total
-------------------------+-------+-------++-------
Melee: Unarmed           |    13 |       ||    13
       Dagger            |     2 |     6 ||     8
 Cast: Foxfire           |    90 |    20 ||   110
  Use: Potion            |     1 |     3 ||     4
       Scroll            |       |     3 ||     3
 Stab: Sleeping          |       |     2 ||     2
Armor: Robe              |     2 |     2 ||     4
Dodge: Dodged            |    13 |    12 ||    25
